Map: Dreamcatcher LE

Players

Has

  • Race: Protoss Protoss
  • Spawn Location: 11:00

TIME (Oliveira) - Winner!

  • Race: Terran Terran
  • Spawn Location: 5:00

Event: WCS Montreal 2018

VOD

Have the link to the VOD?

Description

Time

  • Played on: Sept. 8, 2018, 1:09 p.m.
  • Length: 9:52

All games in this series

Show
View Real Time Build Order
Export as new Build Order

Has Protoss 

Build Orders: 1 Gate Expand, Dark Templar Rush 

Get SALT Encoding   

  12  0:00  Probe  
  13  0:12  Probe  
  14  0:17  Pylon  
  14  0:24  Probe  
  15  0:35  Probe  
  15  0:36  Gateway  
  16  0:43  Probe  
  16  0:48  Assimilator  
  17  0:52  Probe  
  18  1:00  Probe  
  18  1:08  Probe  
  20  1:22  Nexus  
  20  1:32  Cybernetics Core  
  20  1:38  Probe  
  21  1:40  Assimilator  
  21  1:47  Pylon  
  23  1:56  Probe  
  23  2:01  Adept  
  22  2:09  Probe  
  22  2:10  Warp Gate  
  25  2:21  Probe  
  26  2:25  Robotics Facility  
  26  2:31  Stalker  
  26  2:33  Probe  
  26  2:36  Probe  
  30  2:46  Probe  
  30  2:51  Twilight Council  
  31  2:58  Probe  
  33  2:59  Stalker  
  33  3:04  Pylon  
  32  3:18  Shield Battery  
  32  3:23  Gateway  
  32  3:25  Gateway  
  32  3:33  Gateway  
  32  3:39  Stalker  
  34  3:45  Observer  
  34  3:46  Dark Shrine  
  34  3:49  Probe  
  34  3:51  Probe  
  37  4:02  Probe  
  38  4:06  Pylon  
  36  4:14  Probe  
  36  4:16  Probe  
  37  4:26  Probe  
  37  4:28  Probe  
  37  4:32  Stalker  
  37  4:34  Warp Prism  
  37  4:38  Probe  
  39  4:46  Probe  
  39  4:50  Probe  
  41  4:58  Probe  
  41  4:59  Assimilator  
  42  5:00  Pylon  
  42  5:06  Pylon  
  42  5:11  Probe x2  
  42  5:12  Dark Templar  
  46  5:19  Stalker  
  48  5:23  Probe x2  
  48  5:26  Assimilator  
  50  5:29  Pylon  
  50  5:35  Pylon, Probe x2  
  51  5:39  Dark Templar  
  54  5:47  Probe  
  54  5:48  Probe  
  56  5:59  Probe  
  56  6:02  Charge  
  53  6:04  Probe  
  53  6:07  Immortal  
  54  6:12  Probe  
  54  6:14  Forge  
  54  6:15  Gateway  
  54  6:17  Gateway  
  59  6:22  Observer  
  60  6:28  Gateway  
  60  6:29  Gateway  
  59  6:33  Probe  
  59  6:36  Protoss Ground Armor Level 1  
  60  6:40  Sentry x3  
  65  6:48  Immortal  
  65  6:49  Nexus  
  65  6:52  Pylon  
  69  7:09  Probe  
  70  7:18  Warp Prism, Zealot x3  
  70  7:19  Zealot x2  
  80  7:26  Zealot  
  82  7:32  Probe x2  
  79  7:42  Pylon  
  79  7:45  Zealot  
  79  7:46  Pylon, Zealot x2  
  85  7:55  Zealot x3  
  85  7:59  Pylon  
  85  8:04  Warp Prism  
  77  8:07  Zealot  
  77  8:08  Zealot x3  
  71  8:18  Sentry x2  
  77  8:30  Pylon  
  77  8:32  Dark Templar x3  
  83  8:35  Dark Templar  
  83  8:37  Archon  
  83  8:40  Archon  
  85  8:44  Dark Templar x2  
  89  8:53  Archon  
  81  9:04  Gateway  
  81  9:06  Dark Templar  
  80  9:17  Zealot  
  80  9:19  Dark Templar  
  80  9:22  Dark Templar  
  78  9:25  Dark Templar  
Show
View Real Time Build Order
Export as new Build Order

TIME Terran - Winner!

Build Orders: 1/1/1, MMM Bio 

Get SALT Encoding   

  12  0:00  SCV  
  13  0:13  SCV  
  14  0:17  Supply Depot  
  14  0:25  SCV  
  14  0:28  Refinery  
  15  0:39  SCV  
  16  0:44  Barracks  
  16  0:51  SCV  
  17  1:03  SCV  
  18  1:15  SCV  
  19  1:31  Marine  
  19  1:32  Orbital Command  
  20  1:35  Factory  
  20  1:40  Supply Depot  
  20  1:49  Marine  
  21  1:58  SCV  
  22  2:07  Marine  
  23  2:13  SCV  
  24  2:19  Hellion  
  24  2:20  Starport  
  26  2:25  Marine  
  27  2:30  Command Center  
  27  2:33  SCV  
  28  2:38  Refinery  
  28  2:42  Supply Depot  
  28  2:48  Widow Mine  
  28  2:49  Marine  
  31  3:03  Medivac, SCV  
  34  3:07  Marine  
  34  3:12  Hellion  
  36  3:15  SCV  
  36  3:19  Supply Depot  
  37  3:26  Barracks Reactor  
  37  3:27  SCV  
  38  3:37  Starport Tech Lab  
  38  3:41  SCV, Widow Mine  
  41  3:44  Orbital Command  
  41  3:53  SCV  
  45  4:10  Factory Tech Lab  
  45  4:12  Raven, Marine  
  41  4:24  Marine  
  41  4:28  SCV  
  42  4:33  SCV, Siege Tank  
  42  4:37  Marine  
  42  4:38  Barracks  
  44  4:41  SCV  
  43  4:45  SCV  
  43  4:50  Bunker, Marine  
  45  4:53  SCV  
  45  4:54  Marine  
  45  4:56  Engineering Bay  
  45  4:57  Refinery  
  47  5:01  SCV  
  47  5:05  Siege Tank, Viking  
  53  5:08  SCV, Marine  
  53  5:11  Supply Depot  
  53  5:12  Marine  
  53  5:13  SCV  
  57  5:23  Terran Infantry Weapons Level 1  
  57  5:26  SCV, Barracks  
  56  5:29  SCV  
  56  5:30  Marine x2  
  56  5:34  Supply Depot  
  57  5:38  SCV  
  57  5:39  Stimpack, Marine  
  59  5:44  SCV  
  59  5:48  Marine  
  59  5:49  Starport Reactor, Supply Depot  
  61  5:51  Marine  
  61  5:53  Factory Reactor  
  61  5:54  SCV  
  61  5:56  SCV, Marine  
  58  6:06  Marine  
  58  6:07  SCV  
  58  6:09  Marine  
  59  6:11  Supply Depot  
  59  6:12  SCV  
  60  6:20  Marauder  
  60  6:23  Marauder, Combat Shields, Marine  
  65  6:27  SCV x2, Marine  
  65  6:31  Medivac x2  
  72  6:35  Widow Mine  
  72  6:37  Supply Depot  
  76  6:40  Widow Mine  
  76  6:41  Marine x2  
  76  6:46  Marine  
  79  6:47  Marauder  
  81  6:59  SCV, Marine  
  81  7:00  SCV, Supply Depot  
  81  7:01  Widow Mine, Marine  
  86  7:04  Marine  
  88  7:09  Marauder  
  88  7:14  Missile Turret  
  90  7:16  Medivac, Command Center  
  90  7:17  SCV, Marine  
  90  7:21  Missile Turret  
  93  7:24  Marauder, Marine  
  93  7:28  SCV  
  93  7:29  Widow Mine x2  
  101  7:36  Marine x2  
  101  7:37  Refinery  
  101  7:41  SCV  
  102  7:44  Marine  
  102  7:46  Liberator, SCV  
  102  7:48  Liberator  
  104  7:57  Hellion, Widow Mine  
  109  8:06  SCV  
  109  8:08  Marauder, Marine x2  
  109  8:12  Marine  
  104  8:19  SCV  
  105  8:22  SCV, Barracks  
  105  8:24  Barracks  
  105  8:26  Marine x2  
  108  8:29  Marauder  
  108  8:31  Widow Mine x2  
  114  8:35  SCV x2  
  114  8:37  Liberator  
  114  8:41  Orbital Command  
  116  8:43  Marine  
  117  8:53  Widow Mine x2  
  124  9:01  Supply Depot x2  
  124  9:04  Marine  
  125  9:12  SCV  
  125  9:20  Marauder  
  125  9:22  SCV x2, Marine  
  125  9:23  Marauder, Widow Mine x2  
  125  9:24  Barracks Reactor  
  137  9:25  Barracks Tech Lab, Supply Depot  
  137  9:26  Supply Depot  
  137  9:31  SCV  
  135  9:38  SCV  
  132  9:39  Supply Depot  
Tags
 
Add a new tag
Caveats
  • Supply blocks, unpowered buildings, or Contaminate may cause inaccurate times.
  • Supply counts are checked every 10 seconds.